 Dungeon Crawl Stone Soup version 0.30-a0-469-g84de5afbc5 (webtiles) character file.

Game seed: 16475670852501395151

237 kae the Firebug (level 6, 0/32 HPs)
             Began as a Tengu Fire Elementalist on Dec 19, 2022.
             Slain by Grinder (9 damage)
             ... on level 3 of the Dungeon.
             The game lasted 00:02:49 (2703 turns).

kae the Firebug (Tengu Fire Elementalist)           Turns: 2703, Time: 00:02:50

Health: 0/32       AC:  5    Str:  9    XL:     6   Next: 6%
Magic:  3/12       EV: 11    Int: 17    God:
Gold:   144        SH:  0    Dex: 14    Spells: 2/12 levels left

rFire   . . .      SeeInvis .    e - +3 war axe
rCold   . . .      Faith    .    (no shield)
rNeg    . . .      Spirit   .    a - +0 robe
rPois   .          Reflect  .    (helmet restricted)
rElec   .          Harm     .    f - +0 cloak
rCorr   .          Rampage  .    l - +1 pair of gloves
Will    .....                    (boots unavailable)
Stlth   ++........               g - amulet of regeneration
HPRegen 1.05/turn                (no ring)
MPRegen 0.13/turn                (no ring)

@: attractive, flying quickly and evasively, very slightly contaminated,
constricted, quick
A: beak, talons 3, nimble flight
a: no special abilities


You were on level 3 of the Dungeon.
You visited 1 branch of the dungeon, and saw 3 of its levels.

You collected 144 gold pieces.


Innate Abilities, Weirdness & Mutations

You have a beak for a mouth.
You have claws for feet.
Your magical nature lets you fly swiftly and evasively.


   Skills:
 - Level 2.1 Dodging
 - Level 2.0 Stealth
 + Level 3.6 Spellcasting
 + Level 4.5 Conjurations
 + Level 4.9 Fire Magic


You had 2 spell levels left.
You knew the following spells:

 Your Spells              Type           Power      Damage    Failure   Level
a - Foxfire               Conj/Fire      76%        2x1d7     2%          1
b - Scorch                Fire           38%        2d6       3%          2
c - Inner Flame           Hex/Fire       11%        N/A       19%         3
d - Flame Wave            Conj/Fire      19%        2d7       24%         4

Your spell library contained the following spells:

 Spells                   Type           Power      Damage    Failure   Level
 Magic Dart               Conj           72%        1d6       2%          1
 Beastly Appendage        Tmut           6%         N/A       17%         1
 Call Imp                 Summ           3%         N/A       26%         2
 Wereblood                Tmut           3%         N/A       26%         2
 Kindle Blastsparks       Fire/Tloc/Air  16%        2d11      26%         3
 Mephitic Cloud           Conj/Pois/Air  8%         N/A       26%         3
 Spider Form              Tmut/Pois      3%         N/A       45%         3

Inventory:

Hand Weapons
 e - a +3 war axe (weapon)
   (You found it on level 2 of the Dungeon)
 m - a +0 dagger of protection
   (You took it off a goblin on level 2 of the Dungeon)
Missiles
 c - 33 stones
 d - 4 javelins
 n - 5 atropa-tipped darts
 p - 2 poisoned darts
Armour
 a - a +0 robe (worn)
 f - a +0 cloak (worn)
   (You found it on level 1 of the Dungeon)
 l - a +1 pair of gloves (worn)
   (You found it on level 2 of the Dungeon)
Jewellery
 g - an amulet of regeneration (around neck)
   (You found it on level 1 of the Dungeon)
Scrolls
 j - a scroll of enchant weapon
 o - a scroll of amnesia {unknown}
Potions
 b - a potion of magic
 h - 3 potions of attraction {!q}
 i - a potion of heal wounds {unknown}
 k - a potion of cancellation

Dungeon Overview and Level Annotations

Branches:
Dungeon (3/15) Zot: 15309

Altars:

Annotations:
D:3 Grinder

........#
#.......#
#.......
#.......
####......
#........#
#........## #โ€
.....S..##
#.....5@...#
#####...ยง..#
##......##
..........#
..........####
......#........#
#......
......#........#
......
#######........#
......
######...#
.....ยง


You could see Grinder and a ball python.


Message History

You lost 1 mp, and now have 11/12 mp.
A hobgoblin is nearby!
Casting: Foxfire (safe; 2% risk of failure)
Confirm with . or Enter, or press ? or * to list all spells.
You conjure some foxfire!
The foxfire hits the hobgoblin.
You kill the hobgoblin! ๐Ÿ˜Ž MP[-1]
You lost 1 mp, and now have 10/12 mp.
Grinder comes into view.
Grinder shouts!
Casting: Foxfire (safe; 2% risk of failure)
Confirm with . or Enter, or press ? or * to list all spells.
You conjure some foxfire!
The foxfire hits Grinder but does no damage.
Casting: Foxfire (safe; 2% risk of failure)
Confirm with . or Enter, or press ? or * to list all spells.
You conjure some foxfire!
The foxfire hits Grinder.
Grinder blinks! ๐Ÿ˜Ž MP[-1]
You lost 1 mp, and now have 9/12 mp.
Casting: Foxfire (safe; 2% risk of failure)
Confirm with . or Enter, or press ? or * to list all spells.
You can't see any susceptible monsters within range! (Use Z to cast anyway.) Unknown command.
Casting: Foxfire (safe; 2% risk of failure)
Confirm with . or Enter, or press ? or * to list all spells.
You conjure some foxfire!
The foxfire hits Grinder. ๐Ÿ˜Ž MP[-1]
You lost 1 mp, and now have 8/12 mp.
Casting: Foxfire (safe; 2% risk of failure)
Confirm with . or Enter, or press ? or * to list all spells.
You conjure some foxfire!
The foxfire hits Grinder.
The foxfire hits Grinder but does no damage.
Grinder blinks! ๐Ÿ˜Ž MP[-1]
You lost 1 mp, and now have 7/12 mp.
Casting: Foxfire (safe; 2% risk of failure)
Confirm with . or Enter, or press ? or * to list all spells.
You miscast Foxfire.
You are very lightly contaminated with residual magic.
Nothing appears to happen.
The foxfire hits Grinder. x2
Grinder closely misses you. ๐Ÿ˜Ž MP[-1]
You lost 1 mp, and now have 6/12 mp.
Casting: Foxfire (safe; 2% risk of failure)
Confirm with . or Enter, or press ? or * to list all spells.
Flames lash Grinder.
Grinder's fire resistance burns away.
Grinder gestures at you.
You suddenly lose the ability to move!
A ball python comes into view.
Grinder hits you but does no damage.
You can move again.
Grinder says, "I used to sell toenails on the black market."
Grinder gestures at you.
Pain shoots through your body! ๐Ÿ˜• HP[-1] MP[-1]
You take 1 damage, and now have 31/32 hp.
You lost 1 mp, and now have 5/12 mp.
Casting: Scorch (safe; 3% risk of failure)
Confirm with . or Enter, or press ? or * to list all spells.
You conjure some foxfire!
Grinder is no longer more vulnerable to fire.
Grinder gestures at you. Pain shoots through your body!
The foxfire hits Grinder. x2
Grinder gestures at you.
You resist with significant effort. ๐Ÿ˜• HP[-2] MP[-1]
You take 2 damage, and now have 29/32 hp.
You lost 1 mp, and now have 4/12 mp.
Casting: Foxfire (safe; 2% risk of failure)
Confirm with . or Enter, or press ? or * to list all spells.
You miscast Foxfire.
Nothing appears to happen.
Grinder hits you.
You writhe in agony. ๐Ÿ˜• HP[-3] MP[-1]
You take 3 damage, and now have 26/32 hp.
You lost 1 mp, and now have 3/12 mp.
Casting: Foxfire (safe; 2% risk of failure)
Confirm with . or Enter, or press ? or * to list all spells.
You conjure some foxfire!
Grinder hits you.
You writhe in agony.
* * * LOW HITPOINT WARNING * * *
The ball python misses you. The ball python grabs you.
The ball python constricts you.
The foxfire hits Grinder. x2
Grinder says, "Tell me all your secrets, or I'll kill you."
Grinder hits you.
* * * LOW HITPOINT WARNING * * *
You writhe in agony.
* * * LOW HITPOINT WARNING * * *
The ball python bites you but does no damage.
The ball python constricts you. ๐Ÿ˜ฑ HP[-18] MP[-1]
You take 18 damage, and now have 8/32 hp.
MASSIVE DAMAGE!! (PAUSE)
You lost 1 mp, and now have 2/12 mp.
It was a potion of attraction.
You feel attractive to monsters. Grinder hits you!
You die...

Skill      XL: |  1  2  3  4 |
---------------+-------------+-----
Conjurations   | 2 3 4 |  4.5
Fire Magic     | 4 |  4.9
Spellcasting   | 3 |  3.6
Dodging        | |  2.1
Stealth        | |  2.0

Action                   |  1- 3 |  4- 6 || total
-------------------------+-------+-------++-------
Melee: Unarmed           |    11 |       ||    11
       Kick              |     1 |       ||     1
       Peck              |     1 |       ||     1
 Cast: Foxfire           |    60 |    83 ||   143
       Scorch            |     1 |    10 ||    11
  Use: Scroll            |     5 |     2 ||     7
       Potion            |       |     1 ||     1
Armor: Robe              |     9 |     7 ||    16
Dodge: Dodged            |    17 |    24 ||    41

Levels and vault maps discovered:
D:1:      ncdulo_halloftheorcs, layout_basic
D:2:      cheibrodos_old_hovel, layout_rooms
D:3:      minmay_chambers_of_twos, layout_basic, yredelemnul_altar_generic,
          grunt_ministairs_15, uniq_grinder

Notes
Turn   | Place    | Note
-------+----------+-------------------------------------------
     0 | D:1      | kae the Tengu Fire Elementalist began the quest for the
                  | Orb.
     0 | D:1      | Reached XP level 1. HP: 10/10 MP: 4/4
     0 | D:1      | magus.rc [v1.11.3]
     9 | D:1      | You pick up a book of Changes and begin reading...
     9 | D:1      | You add the spells Beastly Appendage, Wereblood and Spider
                  | Form to your library.
   165 | D:1      | Reached skill level 2 in Conjurations
   165 | D:1      | Reached XP level 2. HP: 15/15 MP: 1/6
   468 | D:1      | You pick up a book of Changes and begin reading...
   588 | D:1      | Reached XP level 3. HP: 19/19 MP: 4/7
   591 | D:1      | Learned a level 2 spell: Scorch
   636 | D:1      | You pick up a book of Minor Magic and begin reading...
   636 | D:1      | You add the spells Magic Dart, Call Imp and Mephitic Cloud
                  | to your library.
   666 | D:1      | Learned a level 3 spell: Inner Flame
  1142 | D:2      | Reached skill level 4 in Fire Magic
  1235 | D:2      | Reached skill level 3 in Conjurations
  1242 | D:2      | Reached XP level 4. HP: 24/24 MP: 0/9
  1996 | D:3      | Reached skill level 3 in Spellcasting
  2249 | D:3      | Noticed a phantom
  2259 | D:3      | Killed a phantom
  2260 | D:3      | Reached skill level 4 in Conjurations
  2260 | D:3      | Gained mutation: Your magical nature lets you fly swiftly
                  | and evasively. [Tengu growth]
  2260 | D:3      | Reached XP level 5. HP: 28/28 MP: 4/11
  2324 | D:3      | Learned a level 4 spell: Flame Wave
  2604 | D:3      | Reached XP level 6. HP: 32/32 MP: 7/12
  2685 | D:3      | Noticed Grinder
  2695 | D:3      | Paralysed by Grinder for 2 turns
  2702 | D:3      | HP: 8/32 [Grinder (5)]
  2703 | D:3      | Slain by Grinder

Vanquished Creatures
  A phantom (D:3)
  An orc priest (D:3)
  4 adders
  2 worms (D:2)
  3 dart slugs
  6 orcs (D:3)
  6 ball pythons
  7 endoplasms
  8 giant cockroaches
  2 goblins
  7 hobgoblins
  7 jackals
  5 quokkas
  5 bats
  3 frilled lizards (D:1)
  4 kobolds
  2 rats (D:2)
73 creatures vanquished.

Vanquished Creatures (others)
  241 foxfires
241 creatures vanquished.

Grand Total: 314 creatures vanquished

Table legend:
 A = Non-vault XP
 B = Vault XP
 C = Vault XP percentage of total XP
 D = Non-vault monster count
 E = Vault monster count
 F = Vault count percentage of total count
                 A         B        C        D         E       F
            +---------+---------+-------+---------+---------+-------
      Total |     215 |     124 |  36.6 |      64 |       9 |  12.3
            +---------+---------+-------+---------+---------+-------
        D:1 |      40 |       0 |   0.0 |      22 |       0 |   0.0
        D:2 |      75 |       1 |   1.3 |      24 |       1 |   4.0
        D:3 |     100 |     123 |  55.2 |      18 |       8 |  30.8
            +---------+---------+-------+---------+---------+-------

Illustrated notes

Table legend:
 A = Kills in this place as a percentage of kills in entire the game.
 B = Kills by you in this place as a percentage of kills by you in the entire game.
 C = Kills by friends in this place as a percentage of kills by friends in the entire game.
 D = Other kills in this place as a percentage of other kills in the entire game.
 E = Experience gained in this place as a percentage of experience gained in the entire game.
 F = Experience gained in this place divided by the number of levels of this place that you have seen.
                   A       B       C       D       E      F
               +-------+-------+-------+-------+-------+----------------------
         Total | 100.0 | 100.0 |   N/A |   N/A | 100.0 | 113.0
       Dungeon | 100.0 | 100.0 |   N/A |   N/A | 100.0 | 113.0
               +-------+-------+-------+-------+-------+----------------------

Table legend: (Time is in decaauts)
 A = Elapsed time spent in this place.
 B = Non-inter-level travel time spent in this place.
 C = Inter-level travel time spent in this place.
 D = Time resting spent in this place.
 E = Time spent auto-exploring this place.
 F = Levels seen in this place.
 G = Mean time per level.
                   A        B        C        D        E       F      G
               +--------+--------+--------+--------+--------+-----+--------+
         Total |   2689 |   2632 |     57 |     15 |   2086 |   3 |  896.3 |
       Dungeon |   2689 |   2632 |     57 |     15 |   2086 |   3 |  896.3 |
               +--------+--------+--------+--------+--------+-----+--------+

Top non-repeatable levels by time:
     D:1: 1024 daAuts
     D:2: 864 daAuts
     D:3: 801 daAuts
